 Dungeon Crawl Stone Soup version 0.28-a0-1206-g193881aaa2 (webtiles) character file.

Game seed: 5111396695462723982

201 flotson the Ducker (level 5, 0/61 HPs)
             Began as a Demonspawn Gladiator on Dec 21, 2021.
             Succumbed to Terence's poison
             ... on level 2 of the Dungeon.
             The game lasted 00:03:43 (2673 turns).

flotson the Ducker (Demonspawn Gladiator)           Turns: 2673, Time: 00:03:43

Health: 0/61       AC: 16    Str: 17    XL:     5   Next: 50%
Magic:  5/5        EV: 12    Int:  9    God:
Gold:   118        SH:  0    Dex: 14    Spells: 4/4 levels left

rFire   . . .      SeeInvis .   a - +0 war axe
rCold   . . .      Faith    .   (no shield)
rNeg    . . .      Spirit   .   h - +0 ring mail
rPois   .          Reflect  .   c - +0 helmet
rElec   .          Harm     .   (no cloak)
rCorr   .          Rampage  .   (no gloves)
Will    .....                   (no boots)
Stlth   ..........              m - amulet of regeneration
HPRegen 1.00/turn               (no ring)
MPRegen 0.09/turn               (no ring)

@: mighty, berserking (expiring), lethally poisoned (0 -> 0), sanguine armoured,
very quick
A: hooves 1, foul stench 1, sanguine armour 2, shaggy fur 1
a: no special abilities


You were on level 2 of the Dungeon.
You visited 1 branch of the dungeon, and saw 3 of its levels.

You collected 118 gold pieces.

Inventory:

Hand Weapons
 a - a +0 war axe (weapon)
Missiles
 d - 3 throwing nets (quivered)
Armour
 c - a +0 helmet (worn)
 h - a +0 ring mail (worn)
Jewellery
 m - an amulet of regeneration (around neck)
 o - a ring of fire
Scrolls
 b - a scroll of teleportation {unknown}
 e - a scroll of amnesia {unknown}
 f - 2 scrolls of torment {unknown}
 g - 2 scrolls of noise {unknown}
 l - a scroll of blinking {unknown}
 p - a scroll of brand weapon {unknown}


   Skills:
 + Level 3.3 Fighting
 - Level 2.6 Axes
 + Level 3.0 Throwing
 + Level 2.2 Armour
 + Level 3.6 Dodging


You had 4 spell levels left.
You didn't know any spells.
Your spell library contained the following spells:

 Spells                   Type           Power      Damage    Failure   Level
 Airstrike                Air            0%         N/A       100%        4
 Leda's Liquefaction      Hex/Erth       0%         N/A       100%        4
 Freezing Cloud           Conj/Ice/Air   0%         6-21      100%        5
 Storm Form               Tmut/Air       0%         N/A       100%        7


Dungeon Overview and Level Annotations

Branches:
Dungeon (3/15)

Altars:


Innate Abilities, Weirdness & Mutations

You have large cloven feet.
You may rarely emit foul miasma when damaged in melee.
When seriously injured, your blood forms thick armour. (AC +9)
You are covered in fur. (AC +1)


Message History

Terence hits you with a +3 trident of venom.
You are more poisoned.
You emit a cloud of foul miasma!
Terence is engulfed in dark miasma.
Terence is poisoned.
Terence barely misses you.
You feel very sick.
Terence is engulfed in dark miasma.
Terence looks even sicker.
Terence hits you but does no damage.
You are lethally poisoned!
There is a stone staircase leading up, spattered with blood here.
* * * LOW HITPOINT WARNING * * *
You feel very sick.
Terence is engulfed in dark miasma.
Terence looks even sicker.
You kill Terence!
Your Throwing skill increases to level 3!
You climb upwards.
* * * LOW HITPOINT WARNING * * *
You feel very sick.
There is a stone staircase leading down here.
There is a lethal amount of poison in your body!
It was a potion of mutation.
You feel extremely strange. Fur sprouts all over your body.
* * * LOW HITPOINT WARNING * * *
You feel very sick.
It was a potion of might.
You feel very mighty all of a sudden.
* * * LOW HITPOINT WARNING * * *
You feel very sick.
It was a potion of berserk rage.
A red film seems to cover your vision as you go berserk!
You feel yourself moving faster!
You feel mighty!
* * * LOW HITPOINT WARNING * * *
You feel sick.
There is a lethal amount of poison in your body!
You feel a strong urge to attack something.
* * * LOW HITPOINT WARNING * * *
You feel sick.
* * * LOW HITPOINT WARNING * * *
You feel sick.
You feel your anger nearly subside.
You die...

########## #########
.........########## #........
########.......(@.# #.#######
.#############.#..#######.#######
#.##...........>.................
##.#.###.###.##.........#.######.
#.##.# #.# ##.#.#.##.##.#.# ##..
.###.# #.#####.....#.##)#.####...
## #.# #.......(.....##.........)
# #.# ########....####.#.####...
#.######.....#.## #....# ##..


There were no monsters in sight!

Vanquished Creatures
  A centaur (D:2)
  Terence (D:3)
  Jessica (D:3)
  2 adders (D:2)
  2 worms (D:2)
  An orc (D:3)
  5 ball pythons
  5 bats
  5 endoplasms (D:1)
  2 giant cockroaches (D:1)
  2 hobgoblins
  3 jackals (D:2)
  3 quokkas (D:1)
  2 frilled lizards (D:1)
  6 goblins
  3 kobolds (D:1)
  3 rats
  A spectral hobgoblin (D:2)
48 creatures vanquished.

Notes
Turn   | Place    | Note
-------+----------+-------------------------------------------
     0 | D:1      | flotson the Demonspawn Gladiator began the quest for the
                  | Orb.
     0 | D:1      | Reached XP level 1. HP: 16/16 MP: 1/1
   338 | D:1      | Gained mutation: When seriously injured, your blood forms
                  | armour. (AC +9) [demonic ancestry]
   338 | D:1      | Reached XP level 2. HP: 15/22 MP: 2/2
  1105 | D:1      | Reached skill level 1 in Armour
  1219 | D:1      | Gained mutation: You may rarely emit foul miasma when
                  | damaged in melee. [demonic ancestry]
  1219 | D:1      | Reached XP level 3. HP: 20/28 MP: 3/3
  1766 | D:2      | Got the Handbook of the Ashen Birds
  2021 | D:2      | Found a faded altar of an unknown god.
  2376 | D:3      | Noticed a centaur
  2438 | D:3      | Noticed Jessica
  2443 | D:3      | Gained mutation: You have large cloven feet. [demonic
                  | ancestry]
  2443 | D:3      | Reached XP level 4. HP: 34/34 MP: 4/4
  2447 | D:3      | Killed Jessica
  2573 | D:3      | Noticed Terence
  2648 | D:2      | Killed a centaur
  2649 | D:2      | Gained mutation: When seriously injured, your blood forms
                  | thick armour. (AC +9) [demonic ancestry]
  2649 | D:2      | Reached XP level 5. HP: 33/41 MP: 5/5
  2666 | D:3      | Killed Terence
  2668 | D:2      | Gained mutation: You are covered in fur. (AC +1) [potion of
                  | mutation]
  2669 | D:2      | HP: 1/41 [poisoned by Terence]
  2673 | D:2      | Succumbed to Terence's poison

Illustrated notes

Levels and vault maps discovered:
D:1:      roderic_dead_forest, layout_loops_corners, minmay_misc_feat_room,
          chequers_serial_rivers_micro_d
D:2:      layout_loops_ring, dreamdust_ecumenical_altar_drowned_temple,
          corner_web_ring
D:3:      layout_basic, nrook_mini_vaults, uniq_jessica, uniq_terence

Skill      XL: |  1  2  3  4  5 |
---------------+----------------+-----
Throwing       | 2 3 |  3.0
Dodging        | 3 |  3.6
Armour         | 1 2 |  2.2
Fighting       | 3 |  3.3
Axes           | |  2.6

Action                   |  1- 3 |  4- 6 || total
-------------------------+-------+-------++-------
Melee: War axe           |   115 |    15 ||   130
       Kick              |       |     3 ||     3
  Use: Potion            |       |     4 ||     4
Armor: Leather armour    |    20 |       ||    20
       Ring mail         |    28 |    14 ||    42
Dodge: Dodged            |    91 |    27 ||   118

Table legend: (Time is in decaauts)
 A = Elapsed time spent in this place.
 B = Non-inter-level travel time spent in this place.
 C = Inter-level travel time spent in this place.
 D = Time resting spent in this place.
 E = Time spent auto-exploring this place.
 F = Levels seen in this place.
 G = Mean time per level.
                   A        B        C        D        E       F      G
               +--------+--------+--------+--------+--------+-----+--------+
         Total |   2733 |   2650 |     83 |     49 |   2169 |   3 |  911.0 |
       Dungeon |   2733 |   2650 |     83 |     49 |   2169 |   3 |  911.0 |
               +--------+--------+--------+--------+--------+-----+--------+

Top non-repeatable levels by time:
     D:1: 1536 daAuts
     D:2: 1003 daAuts
     D:3: 192 daAuts
